Map: Dash and Terminal LE (Void)

Players

DoomDash

  • Race: Terran Terran
  • League: Platinum

DestroyBoy - Winner!

  • Race: Terran Terran
  • League: Platinum

VOD

Have the link to the VOD?

Description

Time

  • Played on: Sept. 2, 2015, 12:49 a.m.
  • Length: 5:57
Show
View Real Time Build Order
Export as new Build Order

DoomDash Terran 

Build Orders:  

Get SALT Encoding   

  12  0:00  SCV  
  13  0:13  SCV  
  14  0:18  Supply Depot  
  14  0:25  SCV  
  15  0:40  SCV  
  16  0:47  Barracks  
  16  0:50  Refinery  
  16  0:52  SCV  
  17  1:04  SCV, Refinery  
  18  1:16  SCV  
  19  1:29  SCV  
  20  1:34  Marine  
  20  1:35  Supply Depot  
  21  1:43  SCV  
  22  1:50  Factory  
  22  1:53  Marine  
  23  1:56  SCV  
  23  1:59  Supply Depot  
  24  2:10  Orbital Command  
  25  2:28  Marine  
  25  2:34  Factory Tech Lab  
  25  2:35  Starport  
  25  2:41  SCV  
  25  2:42  Armory  
  26  2:51  Marine  
  27  3:08  SCV  
  27  3:12  Medivac  
  30  3:22  SCV  
  31  3:32  Thor  
  37  3:38  SCV  
  38  3:49  Engineering Bay  
  38  3:50  SCV  
  39  4:01  Command Center  
  39  4:07  Medivac  
  41  4:10  SCV  
  42  4:17  Supply Depot  
  42  4:26  SCV  
  41  4:52  Thor  
  47  5:00  SCV  
  47  5:02  Medivac  
  42  5:16  SCV, Orbital Command  
  43  5:22  Factory  
Show
View Real Time Build Order
Export as new Build Order

DestroyBoy Terran - Winner!

Build Orders:  

Get SALT Encoding   

  12  0:01  SCV  
  13  0:13  SCV  
  14  0:17  Supply Depot  
  14  0:25  SCV  
  15  0:39  SCV  
  15  0:41  Barracks  
  16  0:45  Refinery  
  16  0:51  SCV  
  17  1:03  SCV  
  18  1:15  SCV  
  19  1:28  SCV  
  19  1:31  Reaper  
  21  1:35  Supply Depot  
  21  1:41  SCV  
  22  1:57  Command Center  
  22  2:03  Marine  
  22  2:05  SCV  
  24  2:08  Refinery  
  24  2:12  Factory  
  24  2:17  SCV  
  24  2:22  Marine  
  26  2:27  Supply Depot  
  26  2:30  SCV  
  27  2:40  Marine  
  27  2:42  SCV  
  29  2:54  SCV  
  30  2:59  Factory Reactor, Starport  
  30  3:01  Marine  
  30  3:13  Orbital Command  
  30  3:20  Marine  
  31  3:31  SCV  
  32  3:43  SCV  
  33  3:51  Marine  
  33  3:55  SCV  
  35  3:56  SCV  
  35  3:57  Viking x2  
  35  3:59  Factory Tech Lab  
  40  4:06  Supply Depot  
  40  4:07  SCV  
  40  4:08  SCV  
  40  4:09  Marine  
  43  4:19  SCV  
  43  4:20  SCV  
  43  4:22  Siege Tank  
  48  4:24  Supply Depot  
  48  4:27  Viking, Marine  
  42  4:49  Marine  
  42  4:50  Viking  
  45  4:54  Siege Tank  
  47  5:07  Marine  
  47  5:12  SCV  
  47  5:13  SCV  
  49  5:32  SCV x2  
  47  5:44  SCV x2  
Tags
 
Add a new tag
Caveats
  • Supply blocks, unpowered buildings, or Contaminate may cause inaccurate times.
  • Supply counts are checked every 10 seconds.